 Dungeon Crawl Stone Soup version 0.31-a0-981-geadf994542 (webtiles) character file.

Game seed: 8200179865111648062

142 jasper the Trooper (level 5, 0/61 HPs)
             Began as a Demonspawn Reaver on Oct 31, 2023.
             Was an Initiate of Qazlal.
             Succumbed to Sigmund's poison
             ... on level 3 of the Dungeon.
             The game lasted 00:03:19 (2197 turns).

jasper the Trooper (Demonspawn Reaver)              Turns: 2197, Time: 00:03:20

Health: 0/61       AC: 22    Str: 12    XL:     5   Next: 3%
Magic:  8/8        EV:  2    Int: 14    God:    Qazlal [......]
Gold:   125        SH:  0    Dex: 14    Spells: 7/8 levels left

rFire   . .          .
                       - Unarmed
rCold   . . .        (no shield)
rNeg    . . .        b - melded +0 leather armour
rPois   +            (helmet currently unavailable)
rElec   .            c - melded +0 cloak
rCorr   .            h - melded +2 pair of gloves
SInv    .            (boots currently unavailable)
Will    .....        (no amulet)
Stlth   +            (no ring)
HPRegen 0.30/turn    (no ring)
MPRegen 0.11/turn

%: no passive effects
@: lethally poisoned (0 -> -11), tree-form
A: stationary, stasis, torment immunity, boosted hp, (claws 1), (hooves 1),
(weakness stinger 1)
a: Renounce Religion


You were on level 3 of the Dungeon.
You worshipped Qazlal.
Qazlal was noncommittal.
You were a tree.
You visited 1 branch of the dungeon, and saw 3 of its levels.

You collected 125 gold pieces.

Inventory:

Hand Weapons
 a - a +0 falchion
Armour
 b - a +0 leather armour (melded)
 c - a +0 cloak (melded)
 f - a +0 pair of gloves
 h - a +2 pair of gloves (melded)
Scrolls
 g - a scroll of enchant weapon {unknown}
Potions
 i - a potion of berserk rage


   Skills:
 + Level 3.4 Fighting
 - Level 3.1 Long Blades
 - Level 1.7 Dodging
 * Level 3.0 Unarmed Combat
 - Level 2.0 Spellcasting
 - Level 3.0 Conjurations


You had 7 spell levels left.
You knew the following spells:

 Your Spells              Type           Power      Damage    Failure   Level
a - Kiss of Death         Conj/Necr      20%        2d7       13%         1

Your spell library contained the following spells:

 Spells                   Type           Power      Damage    Failure   Level
 Momentum Strike          Conj/Tloc      10%        3d8       19%         2
 Hailstorm                Conj/Ice       5%         3d4       36%         3


Dungeon Overview and Level Annotations

Branches:
Dungeon (3/15)

Altars:
Qazlal

Annotations:
D:3 Sigmund


Innate Abilities, Weirdness & Mutations

You are a tree.
Your roots penetrate the ground, keeping you stationary.
You cannot be teleported.
You are immune to unholy pain and torment.
Your maximum health is greatly increased.
Your equipment is partially melded.
((You have sharp fingernails.))
((You have large cloven feet.))
((You have a small tail.))


Message History

* * * LOW HITPOINT WARNING * * *
You take 10 damage, and have 15/61 hp.
You swing at nothing.
You feel sick.
You are no longer poisoned.
You take 1 damage, and have 14/61 hp.
You swing at nothing.
You hear some strange, mumbled words.
Something tries to affect you, but you resist.
You swing at nothing.
Something hits you but does no damage.
You are poisoned.
You swing at nothing.
You feel very sick. Something hits you!
* * * LOW HITPOINT WARNING * * *
You take 11 damage, and have 4/61 hp.
You swing at nothing.
* * * LOW HITPOINT WARNING * * *
You feel sick.
You take 2 damage, and have 2/61 hp.
You feel much better.
You feel sick.
You hear some strange, mumbled words.
A puff of flame appears from out of thin air!
The puff of flame hits you!
* * * LOW HITPOINT WARNING * * *
You regained 10 hp, and now have 12/61 hp.
You swing at nothing.
You feel sick. Something hits you but does no damage.
You take 1 damage, and have 11/61 hp.
You swing at nothing.
You feel sick. Something hits you.
* * * LOW HITPOINT WARNING * * *
You take 4 damage, and have 7/61 hp.
You cannot move.
You cannot move.
You swing at nothing.
You feel sick.
You take 1 damage, and have 6/61 hp.
You swing at nothing.
You feel sick. Something hits you.
* * * LOW HITPOINT WARNING * * *
You are more poisoned.
You take 4 damage, and have 2/61 hp.
You swing at nothing.
You die...

P~~P....... #PP...#
~♣~♣......# #####♣PPP)#P
PP~~......###.# #...#####.##
♣...)......# #.#.......#.
♣~..o# #.#.....#... ♣~.o.#
###.##...##### ♣♣...#
#....)########
≈~~♣♣...#######.#....##.....
≈≈~P~...o{)♣.##.###..#..###.
≈≈P~~...####)##.# #..#.## ##
≈P~♣♣...........###....# #
~~~♣~...........#....### #
~P ♣♣..........##.#.##
#...####.####...+ ~~~
#........#......## ~P~~~♣
#.#...####.##.#..### # P~P~~
#.<.#(####.##......# #


You could see an orc.

Vanquished Creatures
  An orc wizard (D:3)
  4 adders (D:2)
  5 worms
  4 orcs (D:3)
  5 bats
  3 endoplasms
  2 giant cockroaches (D:2)
  5 hobgoblins
  3 quokkas
  3 ball pythons
  7 frilled lizards
  4 goblins
  9 kobolds
  9 rats
64 creatures vanquished.

Notes
Turn   | Place    | Note
-------+----------+-------------------------------------------
     0 | D:1      | jasper the Demonspawn Reaver began the quest for the Orb.
     0 | D:1      | Reached XP level 1. HP: 16/16 MP: 3/3
   332 | D:1      | Discovered your monstrous ancestry.
   332 | D:1      | Gained mutation: You have a small tail. [demonic ancestry]
   332 | D:1      | Reached XP level 2. HP: 22/22 MP: 5/5
   851 | D:2      | Reached skill level 1 in Unarmed Combat
   918 | D:2      | Gained mutation: You have large cloven feet. [demonic
                  | ancestry]
   918 | D:2      | Reached XP level 3. HP: 28/28 MP: 6/6
  1223 | D:2      | Reached XP level 4. HP: 27/34 MP: 7/7
  1270 | D:2      | Found a stormy altar of Qazlal.
  1424 | D:2      | Became a worshipper of Qazlal Stormbringer
  2149 | D:3      | Noticed Sigmund
  2184 | D:3      | Gained mutation: You have sharp fingernails. [demonic
                  | ancestry]
  2184 | D:3      | Reached XP level 5. HP: 27/41 MP: 8/8
  2191 | D:3      | HP: 2/61 [poisoned by Sigmund]
  2196 | D:3      | HP: 2/61 [something (4)]
  2197 | D:3      | Succumbed to Sigmund's poison

Illustrated notes

Levels and vault maps discovered:
D:1:      evilmike_arrival_hilbert_curve, layout_basic, chequers_garden,
          minmay_misc_feat_rugged, minmay_tromino_v2
D:2:      minmay_recursive_quarters, layout_loops_ring, basic_altar
D:3:      cheibrodos_greedy_goblins, layout_loops_cross, jmf_multi_god_temple,
          serial_bayou, serial_bayou_ford_a, serial_bayou_pond_e,
          serial_bayou_lake_a, serial_bayou_lagoon_a, serial_bayou_crossing,
          serial_bayou_pond_e, minivault_25, lexackson_kobold_supper,
          uniq_sigmund

Skill      XL: |  1  2  3  4 |
---------------+-------------+-----
Long Blades    | 3 |  3.1
Unarmed Combat | 1 2 3 |  3.0
Fighting       | 3 |  3.4
Dodging        | |  1.7
Spellcasting   | |  2.0
Conjurations   | |  3.0

Action                     |  1- 3 |  4- 6 || total
---------------------------+-------+-------++-------
  Melee: Falchion          |   123 |    60 ||   183
         Punch             |     1 |     3 ||     4
         Tailslap          |    10 |    11 ||    21
         Kick              |    18 |    18 ||    36
         Unarmed           |       |     6 ||     6
    Use: Scroll            |       |     3 ||     3
         Potion            |       |     3 ||     3
   Stab: Sleeping          |       |     1 ||     1
 Armour: Leather armour    |    80 |    45 ||   125
         Skin              |       |    16 ||    16
  Dodge: Dodged            |    74 |    43 ||   117

Table legend: (Time is in decaauts)
 A = Elapsed time spent in this place.
 B = Non-inter-level travel time spent in this place.
 C = Inter-level travel time spent in this place.
 D = Time resting spent in this place.
 E = Time spent auto-exploring this place.
 F = Levels seen in this place.
 G = Mean time per level.
                   A        B        C        D        E       F      G
               +--------+--------+--------+--------+--------+-----+--------+
         Total |   2243 |   2167 |     76 |      0 |   1644 |   3 |  747.7 |
       Dungeon |   2243 |   2167 |     76 |      0 |   1644 |   3 |  747.7 |
               +--------+--------+--------+--------+--------+-----+--------+

Top non-repeatable levels by time:
     D:2: 963 daAuts
     D:1: 831 daAuts
     D:3: 447 daAuts
